 Dungeon Crawl Stone Soup version 0.32-a0-799-g95e1662365 (webtiles) character file.

Game seed: 10392068699102785416

1339 garrulousMonolith the Chopper (level 8, -1/70 HPs)
             Began as a Mountain Dwarf Fighter on Mar 21, 2024.
             Was a Believer of Beogh.
             Slain by a gnoll
             ... wielding a +0 halberd
             ... led by a gnoll bouda
              (29 damage)
             ... on level 6 of the Dungeon.
             The game lasted 00:06:39 (5073 turns).

garrulousMonolith the Chopper (MDFi)                Turns: 5073, Time: 00:06:39

Health: -1/70      AC: 12    Str: 25    XL:     8   Next: 35%
Magic:  11/11      EV:  2    Int: 11    God:    Beogh [**....]
Gold:   288        SH:  0    Dex:  9    Spells: 7/7 levels left

rFire   . . .        y - +2 war axe (elec)
rCold   . . .        c - +0 buckler
rNeg    . . .        b - +0 scale mail
rPois   .            o - +0 helmet
rElec   .            (no cloak)
rCorr   .            u - +2 pair of gloves
SInv    .            (no boots)
Will    +....        (no amulet) Stlth
                     s - +6 ring of strength
HPRegen 0.31/turn    x - ring of willpower
MPRegen 0.12/turn

%: no passive effects
@: sleeping
A: runic magic, artefact enchanting
a: Renounce Religion, Smiting


You were on level 6 of the Dungeon.
You worshipped Beogh.
Beogh was pleased with you.
You visited 1 branch of the dungeon, and saw 7 of its levels.
You also visited: Sewer.

You collected 288 gold pieces.

Inventory:

Hand Weapons
 y - a +2 war axe of electrocution (weapon)
Missiles
 f - 15 poisoned darts (quivered)
 i - 2 curare-tipped darts
Armour
 b - a +0 scale mail (worn)
 c - a +0 buckler (worn)
 o - a +0 helmet (worn)
 u - a +2 pair of gloves (worn)
Jewellery
 a - a ring of magical power
 s - a +6 ring of strength (left hand)
 x - a ring of willpower (right hand)
 A - a +6 ring of dexterity
Wands
 e - a wand of quicksilver (5)
 B - a wand of polymorph (2)
Scrolls
 k - a scroll of torment {unknown}
 l - a scroll of revelation
 n - a scroll of silence {unknown}
 q - a scroll of fog {unknown}
 r - a scroll of poison {unknown}
 t - a scroll of blinking
 v - a scroll of teleportation {unknown}
 D - a scroll of identify
 F - a scroll of immolation {unknown}
Potions
 d - 2 potions of enlightenment {unknown}
 g - a potion of cancellation
 h - 3 potions of lignification
 j - 2 potions of degeneration {unknown}
 m - a potion of curing {unknown}
 p - a potion of invisibility {unknown}
 w - a potion of brilliance {unknown}
 z - a potion of resistance {unknown}
 C - 2 potions of haste {unknown}
 E - a potion of mutation {unknown}


   Skills:
 + Level 5.6 Fighting
 * Level 7.6 Axes
 + Level 5.6 Armour
 + Level 5.5 Shields
 + Level 5.0 Invocations


You had 7 spell levels left.
You didn't know any spells.
Your spell library contained the following spells:

 Spells                   Type           Power      Damage    Failure   Level
 Fugue of the Fallen      Necr           0%         N/A       83%         3
 Ozocubu's Armour         Ice            0%         N/A       83%         3
 Manifold Assault         Tloc           0%         N/A       99%         4


Dungeon Overview and Level Annotations

Branches:
Dungeon (7/15)              Sewer (visited)
 Temple: D:4-7

Altars:
Elyvilon

Shops:
D:7 (

Annotations:
D:6 Dowan, Duvessa


Innate Abilities, Weirdness & Mutations

Your facial features look somewhat orcish.
Your spellcasting is much less encumbered by armour.
You can use scrolls of enchantment on lesser artefacts.


Message History

There is an open door here.
The gnoll hits you from afar with a +0 halberd.
Found a scroll labelled EPUISTR ADWEU and a mace.
You hit the gnoll bouda.
The gnoll bouda is moderately wounded.
The gnoll bouda hits you but does no damage.
You barely miss the gnoll bouda.
The gnoll bouda is moderately wounded.
You block the gnoll bouda's attack.
You slash the gnoll bouda!
The gnoll bouda is severely wounded.
The gnoll misses you. The gnoll bouda barely misses you.
You hit the gnoll bouda.
Lightning courses through the gnoll bouda!
You kill the gnoll bouda!
Beogh accepts your kill.
Beogh appreciates your killing of a heretic priest.
The gnoll closely misses you. The gnoll hits you with a +0 whip.
The gnoll hits you from afar with a +0 halberd.
You barely miss the gnoll. The gnoll barely misses you.
The gnoll hits you from afar with a +0 halberd.
You slash the gnoll!
You kill the gnoll!
Beogh accepts your kill. The gnoll hits you but does no damage.
Your Invocations skill increases to level 5!
The gnoll barely misses you.
Items here: )) [ †.
The gnoll is no longer moving quickly.
The gnoll hits you with a +0 halberd!
You slash the gnoll!
You kill the gnoll!
Beogh accepts your kill. You block the gnoll's attack.
You hit the sleepcap.
The sleepcap is moderately damaged.
You block the gnoll's attack. The sleepcap releases spores at you.
You are engulfed in a cloud of soporific spores!
You fall asleep.
The gnoll hits you from afar with a +0 halberd!!
You die...

####### #### #
....>####... #.#
###.....##.#. ..
###.......##.#.
)..##.######.........##.#.
........)@##............##
?..##.###f#..........#..#
.....g.g...........#..##
................#.###..#<
.#........)......#.# #..##
#...............#.# #....
..............##.# ##.##
################.# #.##
#.# #.##


You could see a sleepcap and a gnoll.

Vanquished Creatures
  Sigmund (D:2)
  Menkaure (D:7)
  2 ogres
  2 phantoms
  2 bullfrogs (Sewer)
  2 scorpions
  3 orc priests
  A hound (D:6)
  A gnoll bouda (D:6)
  2 iguanas
  2 orc wizards (D:5)
  11 adders
  7 gnolls
  8 dart slugs
  2 ribbon worms
  5 orcs
  4 bats
  3 endoplasms
  11 giant cockroaches
  10 goblins
  11 hobgoblins
  8 jackals
  4 quokkas
  12 ball pythons
  13 frilled lizards
  8 kobolds
  6 rats
142 creatures vanquished.

Vanquished Creatures (others)
  4 orcs
4 creatures vanquished.

Grand Total: 146 creatures vanquished

Notes
Turn   | Place    | Note
-------+----------+-------------------------------------------
     0 | D:1      | garrulousMonolith the Mountain Dwarf Fighter began the
                  | quest for the Orb.
     0 | D:1      | Reached XP level 1. HP: 19/19 MP: 1/1
   153 | D:1      | Reached XP level 2. HP: 24/26 MP: 2/2
   342 | D:1      | Reached skill level 3 in Axes
   401 | D:1      | Reached skill level 1 in Invocations
   657 | D:1      | Reached XP level 3. HP: 27/30 MP: 3/3
   919 | D:2      | Noticed Sigmund
  1326 | D:2      | Reached XP level 4. HP: 22/40 MP: 5/5
  1738 | D:2      | Killed Sigmund
  1739 | D:2      | Reached skill level 4 in Axes
  1739 | D:2      | Reached XP level 5. HP: 46/46 MP: 5/7
  2335 | D:3      | Reached XP level 6. HP: 52/52 MP: 8/8
  2423 | D:3      | Reached skill level 5 in Axes
  2691 | D:3      | Became a worshipper of Beogh the Shepherd
  3341 | D:4      | Found a glowing drain.
  3373 | Sewer    | Entered a sewer
  3380 | Sewer    | Reached XP level 7. HP: 60/60 MP: 9/9
  3394 | Sewer    | Reached * piety under Beogh
  3574 | Sewer    | Reached skill level 6 in Axes
  3729 | D:4      | Reached ** piety under Beogh
  3801 | D:4      | Reached skill level 5 in Fighting
  4083 | D:5      | Entered Level 5 of the Dungeon
  4102 | D:5      | Reached skill level 5 in Armour
  4106 | D:5      | Reached skill level 5 in Shields
  4277 | D:5      | Reached XP level 8. HP: 47/68 MP: 11/11
  4601 | D:5      | Reached skill level 7 in Axes
  4623 | D:5      | Found a white marble altar of Elyvilon.
  4626 | D:5      | You fall into a shaft and drop 2 floors!
  4642 | D:7      | Noticed Menkaure
  4646 | D:7      | Killed Menkaure
  4866 | D:7      | Found Maicwiv's Antique Weapon Shoppe.
  4870 | D:6      | Noticed Duvessa
  4870 | D:6      | Noticed Dowan
  5070 | D:6      | Reached skill level 5 in Invocations
  5073 | D:6      | Slain by a gnoll

Illustrated notes

Levels and vault maps discovered:
D:1:      sevenhm_arrival_forest_fort_small_3, layout_loops_corners
D:2:      layout_loops_ring, bh_walls_and_bars, uniq_sigmund
D:3:      layout_basic, serial_corexii_hall, corexii_hall_statues_x,
          chequers_hall_statues_y, minmay_bisected
D:4:      layout_rooms, portal_sewer_entry_a
D:5:      layout_rooms, mainiacjoe_overflow_alcove_2,
          nicolae_elevator_lobby_plus
D:6:      layout_basic, nicolae_overflow_crystal_walls,
          minmay_temple_entry_tees, uniq_duvessa
D:7:      layout_loops_ring, serial_shops, shop, minmay_misc_feat_four_crosses,
          uniq_menkaure

Skill      XL: |  1  2  3  4  5  6  7  8 |
---------------+-------------------------+-----
Axes           | 3 4 5 6 7 |  7.6
Invocations    | 1 2 3 4 5 |  5.0
Fighting       | 4 5 |  5.6
Armour         | 4 5 |  5.6
Shields        | 4 5 |  5.5

Action                     |  1- 3 |  4- 6 |  7- 9 || total
---------------------------+-------+-------+-------++-------
  Melee: War axe           |   108 |   186 |   138 ||   432
  Throw: Dart              |       |     7 |       ||     7
 Invoke: Convert to Beogh  |       |     1 |       ||     1
  Evoke: Wand              |       |     2 |     2 ||     4
    Use: Scroll            |     2 |     3 |       ||     5
         Potion            |     1 |     2 |       ||     3
 Armour: Scale mail        |    88 |   151 |   172 ||   411
  Dodge: Dodged            |    53 |    82 |    73 ||   208
  Block: Buckler           |    23 |    36 |    31 ||    90

Table legend: (Time is in decaauts)
 A = Elapsed time spent in this place.
 B = Non-inter-level travel time spent in this place.
 C = Inter-level travel time spent in this place.
 D = Time resting spent in this place.
 E = Time spent auto-exploring this place.
 F = Levels seen in this place.
 G = Mean time per level.
                   A        B        C        D        E       F      G
               +--------+--------+--------+--------+--------+-----+--------+
         Total |   5241 |   5163 |     78 |    841 |   3124 |   8 |  655.1 |
       Dungeon |   4846 |   4768 |     78 |    776 |   3050 |   7 |  692.3 |
         Sewer |    395 |    395 |      0 |     65 |     73 |   1 |  395.0 |
               +--------+--------+--------+--------+--------+-----+--------+

Top non-repeatable levels by time:
     D:1: 1170 daAuts
     D:3: 1100 daAuts
     D:2: 1009 daAuts
     D:4: 567 daAuts
     D:5: 548 daAuts
   Sewer: 395 daAuts
     D:7: 249 daAuts
     D:6: 200 daAuts
